[ AOE2 MATCH · #476711768 ]
UnrankedItalians vs Maya
[ REPLAY ANALYSIS · EXTRACTED FROM THE RECORDED GAME ]
Feudal
—
Castle
—
Imperial
—
| APM avg | 62.3 |
| APM peak | 111 |
| eAPM avg | 18.2 |
| Villagers / military | 0 / 423 |
Focus
⚔️ 90.6% · 🌾 9.4%
Genoese Crossbowman ×423
Feudal
—
Castle
—
Imperial
—
| APM avg | 22.7 |
| APM peak | 38 |
| eAPM avg | 4.3 |
| Villagers / military | 0 / 187 |
Focus
⚔️ 97.3% · 🌾 2.7%
Hussite Wagon ×187
Feudal
—
Castle
—
Imperial
—
| APM avg | 49.4 |
| APM peak | 69 |
| eAPM avg | 13.0 |
| Villagers / military | 0 / 363 |
Focus
⚔️ 94.9% · 🌾 5.1%
Plumed Archer ×363
Feudal
—
Castle
—
Imperial
—
| APM avg | 79.4 |
| APM peak | 153 |
| eAPM avg | 45.2 |
| Villagers / military | 20 / 1166 |
Focus
⚔️ 95.8% · 🌾 4.2%
Mameluke ×1166
Feudal
—
Castle
—
Imperial
—
| APM avg | 15.0 |
| APM peak | 36 |
| eAPM avg | 9.2 |
| Villagers / military | 23 / 707 |
Focus
⚔️ 87.3% · 🌾 12.7%
Organ Gun ×707
Feudal
—
Castle
—
Imperial
—
| APM avg | 35.1 |
| APM peak | 80 |
| eAPM avg | 15.4 |
| Villagers / military | 10 / 850 |
Focus
⚔️ 94.9% · 🌾 5.1%
Conquistador ×709 · Mangonel ×141
Feudal
—
Castle
—
Imperial
—
| APM avg | 29.8 |
| APM peak | 49 |
| eAPM avg | 12.3 |
| Villagers / military | 0 / 515 |
Focus
⚔️ 97.7% · 🌾 2.3%
Ballista Elephant ×515
Feudal
—
Castle
—
Imperial
—
| APM avg | 37.6 |
| APM peak | 101 |
| eAPM avg | 21.0 |
| Villagers / military | 0 / 531 |
Focus
⚔️ 97.0% · 🌾 3.0%
Arambai ×531
Match map
Initial resources + every placement click. Lines = walls · curves = elevation contours. ◆ gold · ⬟ stone · ● berries · ✦ relic · ◌ wall gap
Your base· Open — unwalled flank
Ghost's base· Open — unwalled flank
后汉的生菜's base· Open — unwalled flank
Greñicov's base· Open — unwalled flank
在看把你腿打斷's base· Open — unwalled flank
Di guo小师弟's base· Open — unwalled flank
Trip's base· Open — unwalled flank
Archers420's base· Open — unwalled flank
Smoothed initial terrain · ◌ = detected wall gap · hover for details
Inputs per minute
— 553695056 - - Ghost
Build order — 553695056
116 actions detected in the replay
| 0:17 | Research | Silk Road |
| 0:18 | Research | Silk Road |
| 0:18 | Create | Genoese Crossbowman ×5 |
| 0:19 | Create | Genoese Crossbowman ×5 |
| 0:19 | Create | Genoese Crossbowman ×5 |
| 0:19 | Create | Genoese Crossbowman |
| 0:19 | Create | Genoese Crossbowman |
| 0:20 | Create | Genoese Crossbowman ×5 |
| 0:20 | Create | Genoese Crossbowman |
| 0:20 | Create | Genoese Crossbowman |
| 0:20 | Create | Genoese Crossbowman ×5 |
| 0:21 | Create | Genoese Crossbowman ×5 |
| 0:21 | Create | Genoese Crossbowman ×5 |
| 0:21 | Create | Genoese Crossbowman ×5 |
| 0:21 | Create | Genoese Crossbowman |
| 0:39 | Research | Chain Barding Armor |
| 0:40 | Research | Chain Mail Armor |
| 0:40 | Research | Iron Casting |
| 0:40 | Research | Iron Casting |
| 0:41 | Research | Bodkin Arrow |
| 0:41 | Research | Bodkin Arrow |
| 0:41 | Research | Leather Archer Armor |
| 0:42 | Research | Ballistics |
| 0:42 | Research | Ballistics |
| 0:44 | Research | Thumb Ring |
| 0:44 | Research | Thumb Ring |
| 0:44 | Research | Thumb Ring |
| 0:48 | Create | Genoese Crossbowman ×5 |
| 0:48 | Create | Genoese Crossbowman ×5 |
| 0:48 | Create | Genoese Crossbowman |
| 0:48 | Create | Genoese Crossbowman |
| 0:49 | Create | Genoese Crossbowman ×5 |
| 0:49 | Create | Genoese Crossbowman ×5 |
| 0:49 | Create | Genoese Crossbowman ×5 |
| 0:49 | Create | Genoese Crossbowman ×3 |
| 1:27 | Create | Genoese Crossbowman ×5 |
| 1:27 | Create | Genoese Crossbowman ×5 |
| 1:27 | Create | Genoese Crossbowman ×3 |
| 1:29 | Create | Genoese Crossbowman |
| 3:43 | Create | Genoese Crossbowman ×5 |
| 3:44 | Create | Genoese Crossbowman ×5 |
| 3:44 | Create | Genoese Crossbowman ×5 |
| 5:23 | Create | Genoese Crossbowman ×5 |
| 5:24 | Create | Genoese Crossbowman ×5 |
| 5:24 | Create | Genoese Crossbowman ×5 |
| 5:24 | Create | Genoese Crossbowman ×5 |
| 5:24 | Create | Genoese Crossbowman ×5 |
| 5:25 | Create | Genoese Crossbowman ×5 |
| 5:25 | Create | Genoese Crossbowman |
| 5:25 | Create | Genoese Crossbowman |
| 5:25 | Create | Genoese Crossbowman ×5 |
| 5:26 | Create | Genoese Crossbowman ×5 |
| 7:32 | Create | Genoese Crossbowman ×5 |
| 7:32 | Create | Genoese Crossbowman ×5 |
| 7:33 | Create | Genoese Crossbowman ×5 |
| 7:33 | Create | Genoese Crossbowman |
| 7:33 | Create | Genoese Crossbowman |
| 7:33 | Create | Genoese Crossbowman ×5 |
| 7:34 | Create | Genoese Crossbowman ×5 |
| 7:34 | Create | Genoese Crossbowman ×5 |
| 7:34 | Create | Genoese Crossbowman ×5 |
| 7:34 | Create | Genoese Crossbowman ×5 |
| 7:35 | Create | Genoese Crossbowman |
| 7:35 | Create | Genoese Crossbowman ×5 |
| 7:35 | Create | Genoese Crossbowman ×5 |
| 7:35 | Create | Genoese Crossbowman ×5 |
| 7:35 | Create | Genoese Crossbowman ×5 |
| 9:17 | Create | Genoese Crossbowman ×5 |
| 9:17 | Create | Genoese Crossbowman ×5 |
| 9:17 | Create | Genoese Crossbowman ×5 |
| 9:18 | Create | Genoese Crossbowman ×5 |
| 9:45 | Create | Genoese Crossbowman ×5 |
| 9:46 | Create | Genoese Crossbowman ×5 |
| 9:46 | Create | Genoese Crossbowman ×5 |
| 9:46 | Create | Genoese Crossbowman ×5 |
| 9:46 | Create | Genoese Crossbowman |
| 9:47 | Create | Genoese Crossbowman |
| 13:26 | Create | Genoese Crossbowman ×5 |
| 13:27 | Create | Genoese Crossbowman ×5 |
| 13:27 | Create | Genoese Crossbowman ×5 |
| 13:27 | Create | Genoese Crossbowman ×5 |
| 13:27 | Create | Genoese Crossbowman ×5 |
| 13:28 | Create | Genoese Crossbowman |
| 13:28 | Create | Genoese Crossbowman ×5 |
| 13:28 | Create | Genoese Crossbowman |
| 14:28 | Create | Genoese Crossbowman ×5 |
| 14:28 | Create | Genoese Crossbowman ×5 |
| 14:29 | Create | Genoese Crossbowman ×3 |
| 14:29 | Create | Genoese Crossbowman ×3 |
| 15:51 | Create | Genoese Crossbowman ×5 |
| 15:51 | Create | Genoese Crossbowman ×5 |
| 15:51 | Create | Genoese Crossbowman ×5 |
| 15:52 | Create | Genoese Crossbowman ×5 |
| 15:52 | Create | Genoese Crossbowman ×5 |
| 15:52 | Create | Genoese Crossbowman ×5 |
| 15:52 | Create | Genoese Crossbowman |
| 16:39 | Create | Genoese Crossbowman ×5 |
| 16:39 | Create | Genoese Crossbowman ×5 |
| 16:39 | Create | Genoese Crossbowman ×5 |
| 16:39 | Create | Genoese Crossbowman ×5 |
| 16:40 | Create | Genoese Crossbowman |
| 16:40 | Create | Genoese Crossbowman ×2 |
| 18:44 | Create | Genoese Crossbowman ×5 |
| 18:44 | Create | Genoese Crossbowman ×5 |
| 18:44 | Create | Genoese Crossbowman ×5 |
| 18:45 | Create | Genoese Crossbowman ×5 |
| 18:45 | Create | Genoese Crossbowman ×5 |
| 21:26 | Create | Genoese Crossbowman ×5 |
| 21:27 | Create | Genoese Crossbowman ×5 |
| 21:27 | Create | Genoese Crossbowman ×5 |
| 21:27 | Create | Genoese Crossbowman ×5 |
| 22:59 | Create | Genoese Crossbowman ×5 |
| 23:00 | Create | Genoese Crossbowman ×5 |
| 23:00 | Create | Genoese Crossbowman ×5 |
| 23:00 | Create | Genoese Crossbowman ×5 |
| 23:00 | Create | Genoese Crossbowman ×5 |
Build order — Ghost
58 actions detected in the replay
| 0:21 | Research | Wagenburg Tactics |
| 0:27 | Research | Iron Casting |
| 0:27 | Research | Bodkin Arrow |
| 0:28 | Research | Leather Archer Armor |
| 0:28 | Research | Chain Mail Armor |
| 0:30 | Research | Chain Barding Armor |
| 0:30 | Research | Ballistics |
| 0:33 | Research | Chemistry |
| 0:37 | Create | Hussite Wagon ×5 |
| 0:37 | Create | Hussite Wagon ×5 |
| 0:38 | Create | Hussite Wagon ×5 |
| 0:38 | Create | Hussite Wagon ×5 |
| 0:38 | Create | Hussite Wagon ×5 |
| 0:39 | Create | Hussite Wagon ×5 |
| 0:39 | Create | Hussite Wagon ×5 |
| 0:39 | Create | Hussite Wagon ×5 |
| 0:40 | Create | Hussite Wagon ×5 |
| 0:40 | Create | Hussite Wagon ×5 |
| 0:40 | Create | Hussite Wagon ×5 |
| 0:41 | Create | Hussite Wagon ×5 |
| 0:41 | Create | Hussite Wagon ×4 |
| 2:13 | Create | Hussite Wagon ×5 |
| 2:14 | Create | Hussite Wagon ×5 |
| 2:14 | Create | Hussite Wagon ×5 |
| 6:24 | Create | Hussite Wagon ×5 |
| 6:24 | Create | Hussite Wagon ×5 |
| 6:24 | Create | Hussite Wagon ×5 |
| 6:25 | Create | Hussite Wagon ×5 |
| 6:25 | Create | Hussite Wagon ×5 |
| 6:25 | Create | Hussite Wagon ×5 |
| 6:26 | Create | Hussite Wagon ×2 |
| 8:02 | Create | Hussite Wagon ×5 |
| 8:02 | Create | Hussite Wagon ×5 |
| 8:02 | Create | Hussite Wagon ×5 |
| 9:58 | Create | Hussite Wagon ×5 |
| 9:59 | Create | Hussite Wagon ×5 |
| 9:59 | Create | Hussite Wagon ×5 |
| 9:59 | Create | Hussite Wagon |
| 17:57 | Create | Hussite Wagon ×5 |
| 17:57 | Create | Hussite Wagon ×5 |
| 17:58 | Create | Hussite Wagon ×5 |
| 17:58 | Create | Hussite Wagon ×5 |
| 22:12 | Research | Blast Furnace |
| 22:12 | Research | Bracer |
| 22:13 | Research | Ring Archer Armor |
| 22:14 | Research | Plate Mail Armor |
| 30:52 | Build | Siege Workshop |
| 30:57 | Build | Siege Workshop |
| 30:58 | Build | Siege Workshop |
| 32:06 | Build | Siege Workshop |
| 33:04 | Create | Hussite Wagon ×5 |
| 33:04 | Create | Hussite Wagon ×5 |
| 33:05 | Create | Hussite Wagon ×5 |
| 33:05 | Create | Hussite Wagon ×5 |
| 33:05 | Create | Hussite Wagon ×5 |
| 33:10 | Research | Elite Hussite Wagon (upgrade) |
| 33:11 | Research | Conscription |
| 33:11 | Research | Hussite Reforms |
Build order — 后汉的生菜
94 actions detected in the replay
| 0:11 | Research | Iron Casting |
| 0:12 | Research | Chain Mail Armor |
| 0:13 | Research | Ballistics |
| 0:14 | Research | Bodkin Arrow |
| 0:15 | Research | Leather Archer Armor |
| 0:16 | Research | Thumb Ring |
| 0:20 | Research | Hulche Javelineers |
| 0:21 | Create | Plumed Archer ×5 |
| 0:21 | Create | Plumed Archer ×5 |
| 0:21 | Create | Plumed Archer ×5 |
| 2:59 | Create | Plumed Archer ×5 |
| 3:00 | Create | Plumed Archer ×5 |
| 3:00 | Create | Plumed Archer ×5 |
| 3:00 | Create | Plumed Archer ×5 |
| 5:22 | Research | Bracer |
| 5:23 | Research | Ring Archer Armor |
| 5:24 | Research | Chemistry |
| 5:26 | Research | Blast Furnace |
| 5:26 | Research | Plate Mail Armor |
| 5:31 | Research | Tech 27 |
| 5:32 | Research | Tech 4 |
| 5:32 | Research | Conscription |
| 5:33 | Research | Conscription |
| 6:20 | Create | Plumed Archer ×5 |
| 6:21 | Create | Plumed Archer ×5 |
| 6:21 | Create | Plumed Archer ×5 |
| 6:21 | Create | Plumed Archer ×5 |
| 6:22 | Create | Plumed Archer ×5 |
| 6:22 | Create | Plumed Archer ×5 |
| 6:22 | Create | Plumed Archer ×5 |
| 6:22 | Create | Plumed Archer ×5 |
| 6:23 | Create | Plumed Archer ×5 |
| 6:23 | Create | Plumed Archer ×5 |
| 8:20 | Create | Plumed Archer ×5 |
| 9:51 | Create | Plumed Archer ×5 |
| 9:51 | Create | Plumed Archer ×5 |
| 13:36 | Create | Plumed Archer ×5 |
| 13:37 | Create | Plumed Archer ×5 |
| 13:37 | Create | Plumed Archer ×5 |
| 13:37 | Create | Plumed Archer ×5 |
| 13:37 | Create | Plumed Archer ×5 |
| 13:38 | Create | Plumed Archer ×5 |
| 18:31 | Create | Plumed Archer ×5 |
| 18:31 | Create | Plumed Archer ×5 |
| 18:31 | Create | Plumed Archer ×5 |
| 18:31 | Create | Plumed Archer ×5 |
| 20:41 | Create | Plumed Archer |
| 22:19 | Create | Plumed Archer ×5 |
| 22:19 | Create | Plumed Archer ×5 |
| 22:19 | Create | Plumed Archer ×5 |
| 22:19 | Create | Plumed Archer ×5 |
| 22:20 | Create | Plumed Archer ×5 |
| 22:20 | Create | Plumed Archer ×5 |
| 22:20 | Create | Plumed Archer ×3 |
| 23:40 | Create | Plumed Archer ×5 |
| 23:40 | Create | Plumed Archer ×5 |
| 23:40 | Create | Plumed Archer ×5 |
| 24:25 | Create | Plumed Archer ×5 |
| 24:25 | Create | Plumed Archer ×5 |
| 24:26 | Create | Plumed Archer ×5 |
| 24:26 | Create | Plumed Archer ×5 |
| 24:26 | Create | Plumed Archer ×5 |
| 24:26 | Create | Plumed Archer ×5 |
| 24:27 | Create | Plumed Archer |
| 24:38 | Create | Plumed Archer ×3 |
| 24:39 | Create | Plumed Archer |
| 24:39 | Create | Plumed Archer |
| 24:40 | Create | Plumed Archer ×2 |
| 24:40 | Create | Plumed Archer ×2 |
| 25:24 | Create | Plumed Archer ×5 |
| 25:25 | Create | Plumed Archer ×5 |
| 26:00 | Create | Plumed Archer ×5 |
| 26:01 | Create | Plumed Archer ×5 |
| 26:01 | Create | Plumed Archer ×5 |
| 26:01 | Create | Plumed Archer ×4 |
| 26:34 | Create | Plumed Archer ×5 |
| 26:34 | Create | Plumed Archer ×5 |
| 26:35 | Create | Plumed Archer ×5 |
| 30:43 | Create | Plumed Archer ×5 |
| 30:44 | Create | Plumed Archer ×5 |
| 30:44 | Create | Plumed Archer ×5 |
| 30:44 | Create | Plumed Archer ×5 |
| 30:45 | Create | Plumed Archer ×5 |
| 30:45 | Create | Plumed Archer ×5 |
| 30:45 | Create | Plumed Archer ×5 |
| 30:45 | Create | Plumed Archer ×5 |
| 30:46 | Create | Plumed Archer ×5 |
| 30:46 | Create | Plumed Archer ×5 |
| 30:46 | Create | Plumed Archer ×5 |
| 30:47 | Create | Plumed Archer ×5 |
| 30:47 | Create | Plumed Archer ×5 |
| 30:47 | Create | Plumed Archer ×5 |
| 30:48 | Create | Plumed Archer ×5 |
| 30:48 | Create | Plumed Archer ×5 |
Build order — Greñicov
First 150 of 372 actions detected
| 0:06 | Research | Iron Casting |
| 0:06 | Research | Chain Mail Armor |
| 0:07 | Create | Mameluke ×5 |
| 0:08 | Create | Mameluke ×5 |
| 0:08 | Create | Mameluke ×5 |
| 0:08 | Create | Mameluke ×5 |
| 0:09 | Create | Mameluke ×5 |
| 0:09 | Create | Mameluke ×5 |
| 0:09 | Create | Mameluke ×5 |
| 0:10 | Create | Mameluke ×5 |
| 0:27 | Create | Mameluke ×5 |
| 0:27 | Create | Mameluke ×5 |
| 0:28 | Create | Mameluke ×5 |
| 0:28 | Create | Mameluke ×5 |
| 0:31 | Research | Chain Barding Armor |
| 0:32 | Research | Ballistics |
| 0:33 | Research | Bodkin Arrow |
| 0:35 | Research | Leather Archer Armor |
| 0:35 | Research | Thumb Ring |
| 0:40 | Create | Mameluke ×4 |
| 0:40 | Create | Mameluke ×4 |
| 0:41 | Create | Mameluke ×4 |
| 1:04 | Create | Mameluke ×4 |
| 1:05 | Create | Mameluke ×4 |
| 2:16 | Create | Mameluke |
| 2:17 | Create | Mameluke ×5 |
| 2:51 | Create | Mameluke |
| 2:51 | Create | Mameluke ×5 |
| 2:51 | Create | Mameluke ×5 |
| 2:52 | Create | Mameluke ×5 |
| 3:29 | Create | Mameluke |
| 3:30 | Create | Mameluke ×4 |
| 3:30 | Create | Mameluke ×3 |
| 3:30 | Create | Mameluke ×3 |
| 3:38 | Create | Mameluke ×4 |
| 3:38 | Create | Mameluke ×4 |
| 3:38 | Create | Mameluke ×4 |
| 4:39 | Create | Mameluke ×5 |
| 4:39 | Create | Mameluke ×5 |
| 4:40 | Create | Mameluke ×5 |
| 4:58 | Create | Mameluke |
| 4:58 | Create | Mameluke ×4 |
| 5:12 | Create | Mameluke ×4 |
| 5:13 | Create | Mameluke ×4 |
| 5:13 | Create | Mameluke ×4 |
| 5:48 | Create | Mameluke ×4 |
| 5:48 | Create | Mameluke ×4 |
| 5:48 | Create | Mameluke ×4 |
| 5:58 | Create | Mameluke ×4 |
| 5:59 | Create | Mameluke ×4 |
| 5:59 | Create | Mameluke ×4 |
| 6:46 | Create | Mameluke ×5 |
| 6:46 | Create | Mameluke ×5 |
| 6:47 | Create | Mameluke ×3 |
| 7:08 | Create | Mameluke |
| 7:08 | Create | Mameluke ×4 |
| 7:08 | Create | Mameluke ×4 |
| 7:58 | Create | Mameluke |
| 7:59 | Create | Mameluke ×5 |
| 7:59 | Create | Mameluke ×5 |
| 7:59 | Create | Mameluke ×2 |
| 8:30 | Create | Mameluke ×4 |
| 8:30 | Create | Mameluke ×4 |
| 8:43 | Create | Mameluke ×4 |
| 8:43 | Create | Mameluke ×4 |
| 8:44 | Create | Mameluke ×4 |
| 8:44 | Create | Mameluke ×4 |
| 9:08 | Create | Mameluke |
| 9:08 | Create | Mameluke ×4 |
| 9:09 | Create | Mameluke ×4 |
| 9:09 | Create | Mameluke ×3 |
| 9:34 | Research | Blast Furnace |
| 9:34 | Research | Plate Barding Armor |
| 9:36 | Research | Chemistry |
| 9:38 | Research | Chain Mail Armor |
| 9:38 | Research | Parthian Tactics |
| 9:39 | Research | Bracer |
| 9:40 | Research | Ring Archer Armor |
| 9:41 | Create | Mameluke |
| 9:42 | Create | Mameluke ×4 |
| 9:42 | Create | Mameluke ×4 |
| 9:42 | Create | Mameluke ×3 |
| 9:44 | Create | Mameluke ×4 |
| 10:22 | Create | Mameluke |
| 10:23 | Create | Mameluke ×4 |
| 10:23 | Create | Mameluke ×3 |
| 10:23 | Create | Mameluke ×3 |
| 10:30 | Create | Mameluke ×4 |
| 10:30 | Create | Mameluke ×4 |
| 10:31 | Create | Mameluke ×4 |
| 10:56 | Create | Mameluke ×4 |
| 10:57 | Create | Mameluke ×4 |
| 10:57 | Create | Mameluke ×4 |
| 11:29 | Create | Mameluke ×4 |
| 11:29 | Create | Mameluke ×4 |
| 11:30 | Create | Mameluke ×4 |
| 11:42 | Create | Mameluke ×4 |
| 11:42 | Create | Mameluke ×4 |
| 11:43 | Create | Mameluke ×4 |
| 11:43 | Create | Mameluke ×4 |
| 11:51 | Research | Elite Mameluke (upgrade) |
| 11:51 | Research | Conscription |
| 11:55 | Research | Tech 28 |
| 11:56 | Research | Tech 454 |
| 12:19 | Create | Mameluke |
| 12:19 | Create | Mameluke ×5 |
| 12:20 | Create | Mameluke ×5 |
| 12:20 | Create | Mameluke ×5 |
| 12:20 | Create | Mameluke ×5 |
| 13:00 | Create | Mameluke |
| 13:03 | Create | Mameluke ×5 |
| 13:03 | Create | Mameluke ×5 |
| 13:03 | Create | Mameluke ×5 |
| 13:03 | Create | Mameluke ×5 |
| 13:03 | Create | Mameluke ×5 |
| 13:03 | Create | Mameluke ×5 |
| 13:03 | Create | Mameluke ×5 |
| 13:03 | Create | Mameluke ×5 |
| 13:03 | Create | Mameluke ×5 |
| 13:17 | Create | Mameluke ×3 |
| 13:18 | Create | Mameluke ×3 |
| 13:18 | Create | Mameluke ×3 |
| 13:34 | Create | Mameluke ×3 |
| 13:42 | Create | Mameluke |
| 13:42 | Create | Mameluke |
| 13:42 | Create | Mameluke |
| 14:00 | Create | Mameluke ×3 |
| 14:00 | Create | Mameluke ×3 |
| 14:01 | Create | Mameluke ×3 |
| 14:47 | Create | Mameluke ×5 |
| 14:47 | Create | Mameluke ×5 |
| 14:47 | Create | Mameluke ×5 |
| 14:47 | Create | Mameluke ×5 |
| 14:57 | Create | Mameluke |
| 14:58 | Create | Mameluke |
| 14:58 | Create | Mameluke |
| 15:51 | Create | Mameluke ×5 |
| 15:51 | Create | Mameluke ×5 |
| 15:52 | Create | Mameluke ×5 |
| 15:52 | Create | Mameluke ×5 |
| 15:52 | Create | Mameluke ×2 |
| 15:58 | Create | Mameluke ×3 |
| 15:59 | Create | Mameluke ×3 |
| 16:21 | Create | Mameluke ×4 |
| 16:21 | Create | Mameluke ×4 |
| 16:22 | Create | Mameluke ×4 |
| 16:27 | Create | Mameluke |
| 16:27 | Create | Mameluke |
| 16:28 | Create | Mameluke |
| 16:28 | Create | Mameluke |
Build order — 在看把你腿打斷
First 150 of 199 actions detected
| 0:16 | Research | Iron Casting |
| 0:16 | Research | Iron Casting |
| 0:19 | Research | Chain Barding Armor |
| 0:19 | Research | Chain Barding Armor |
| 0:21 | Research | Ballistics |
| 0:21 | Research | Ballistics |
| 0:21 | Research | Ballistics |
| 0:23 | Research | Bodkin Arrow |
| 0:23 | Research | Bodkin Arrow |
| 0:24 | Research | Leather Archer Armor |
| 0:25 | Research | Leather Archer Armor |
| 0:26 | Research | Thumb Ring |
| 0:27 | Research | Thumb Ring |
| 0:28 | Research | Chain Mail Armor |
| 0:36 | Research | Tech 1404 |
| 0:36 | Research | Tech 1404 |
| 0:53 | Create | Organ Gun ×5 |
| 0:54 | Create | Organ Gun ×5 |
| 0:54 | Create | Organ Gun ×5 |
| 0:54 | Create | Organ Gun ×5 |
| 0:54 | Create | Organ Gun ×5 |
| 0:55 | Create | Organ Gun ×5 |
| 0:55 | Create | Organ Gun ×5 |
| 0:55 | Create | Organ Gun ×5 |
| 0:56 | Create | Organ Gun ×5 |
| 0:56 | Create | Organ Gun ×5 |
| 0:56 | Create | Organ Gun ×5 |
| 0:56 | Create | Organ Gun ×5 |
| 0:57 | Create | Organ Gun ×5 |
| 0:57 | Create | Organ Gun ×4 |
| 1:57 | Create | Organ Gun ×5 |
| 1:57 | Create | Organ Gun ×5 |
| 1:57 | Create | Organ Gun ×3 |
| 5:32 | Create | Organ Gun ×5 |
| 5:33 | Create | Organ Gun ×5 |
| 5:33 | Create | Organ Gun ×5 |
| 5:37 | Create | Organ Gun ×5 |
| 5:37 | Create | Organ Gun ×5 |
| 5:38 | Create | Organ Gun ×5 |
| 5:38 | Create | Organ Gun ×5 |
| 6:11 | Create | Organ Gun ×5 |
| 6:11 | Create | Organ Gun ×5 |
| 6:12 | Create | Organ Gun ×5 |
| 6:12 | Create | Organ Gun ×5 |
| 6:12 | Create | Organ Gun ×5 |
| 6:12 | Create | Organ Gun ×5 |
| 6:13 | Create | Organ Gun ×5 |
| 6:13 | Create | Organ Gun ×5 |
| 6:13 | Create | Organ Gun |
| 6:35 | Create | Organ Gun ×4 |
| 6:35 | Create | Organ Gun ×4 |
| 7:14 | Research | Blast Furnace |
| 7:14 | Research | Blast Furnace |
| 7:16 | Research | Plate Barding Armor |
| 7:17 | Research | Bracer |
| 7:17 | Research | Bracer |
| 7:19 | Research | Ring Archer Armor |
| 7:21 | Research | Chemistry |
| 7:23 | Research | Plate Mail Armor |
| 7:23 | Research | Plate Mail Armor |
| 7:26 | Research | Conscription |
| 7:27 | Research | Conscription |
| 7:28 | Research | Elite Organ Gun (upgrade) |
| 7:29 | Research | Arquebus |
| 7:30 | Research | Arquebus |
| 7:34 | Research | Arquebus |
| 8:08 | Create | Organ Gun ×5 |
| 8:08 | Create | Organ Gun ×5 |
| 8:08 | Create | Organ Gun ×5 |
| 8:08 | Create | Organ Gun ×5 |
| 8:09 | Create | Organ Gun ×5 |
| 8:09 | Create | Organ Gun ×5 |
| 8:43 | Create | Organ Gun ×5 |
| 8:43 | Create | Organ Gun ×4 |
| 8:43 | Create | Organ Gun ×4 |
| 8:44 | Create | Organ Gun |
| 10:22 | Create | Organ Gun ×5 |
| 10:22 | Create | Organ Gun ×5 |
| 10:23 | Create | Organ Gun ×5 |
| 10:23 | Create | Organ Gun ×5 |
| 10:23 | Create | Organ Gun ×5 |
| 10:23 | Create | Organ Gun ×5 |
| 12:22 | Create | Organ Gun ×5 |
| 12:22 | Create | Organ Gun ×5 |
| 12:23 | Create | Organ Gun ×5 |
| 12:23 | Create | Organ Gun ×5 |
| 12:23 | Create | Organ Gun ×5 |
| 12:23 | Create | Organ Gun ×5 |
| 12:24 | Create | Organ Gun ×5 |
| 14:57 | Create | Organ Gun ×5 |
| 14:57 | Create | Organ Gun ×5 |
| 14:57 | Create | Organ Gun ×5 |
| 14:59 | Create | Organ Gun ×5 |
| 14:59 | Create | Organ Gun ×5 |
| 14:59 | Create | Organ Gun ×5 |
| 14:59 | Create | Organ Gun ×5 |
| 14:59 | Create | Organ Gun ×5 |
| 15:01 | Create | Organ Gun ×5 |
| 15:01 | Create | Organ Gun ×5 |
| 15:01 | Create | Organ Gun ×5 |
| 15:02 | Create | Organ Gun ×5 |
| 15:02 | Create | Organ Gun ×5 |
| 15:02 | Create | Organ Gun ×5 |
| 15:02 | Create | Organ Gun ×5 |
| 15:02 | Create | Organ Gun ×5 |
| 15:02 | Create | Organ Gun ×5 |
| 15:02 | Create | Organ Gun ×5 |
| 15:02 | Create | Organ Gun ×5 |
| 15:03 | Create | Organ Gun ×5 |
| 15:03 | Create | Organ Gun ×5 |
| 15:03 | Create | Organ Gun ×5 |
| 15:03 | Create | Organ Gun ×5 |
| 15:03 | Create | Organ Gun ×5 |
| 15:52 | Create | Organ Gun ×5 |
| 15:52 | Create | Organ Gun ×5 |
| 15:52 | Create | Organ Gun ×5 |
| 15:52 | Create | Organ Gun ×5 |
| 15:53 | Create | Organ Gun ×5 |
| 15:53 | Create | Organ Gun ×5 |
| 16:30 | Create | Organ Gun ×5 |
| 16:31 | Create | Organ Gun ×5 |
| 16:31 | Create | Organ Gun ×5 |
| 16:31 | Create | Organ Gun ×5 |
| 17:52 | Create | Organ Gun ×5 |
| 17:53 | Create | Organ Gun ×5 |
| 17:53 | Create | Organ Gun ×5 |
| 17:53 | Create | Organ Gun ×5 |
| 17:53 | Create | Organ Gun ×5 |
| 17:54 | Create | Organ Gun ×5 |
| 17:54 | Create | Organ Gun ×5 |
| 18:37 | Create | Organ Gun ×5 |
| 18:37 | Create | Organ Gun ×5 |
| 18:38 | Create | Organ Gun ×5 |
| 18:38 | Create | Organ Gun ×5 |
| 18:38 | Create | Organ Gun ×5 |
| 19:18 | Create | Organ Gun ×5 |
| 19:18 | Create | Organ Gun ×5 |
| 19:18 | Create | Organ Gun ×5 |
| 19:19 | Create | Organ Gun ×5 |
| 21:29 | Create | Organ Gun ×5 |
| 21:29 | Create | Organ Gun ×5 |
| 21:30 | Create | Organ Gun ×5 |
| 21:30 | Create | Organ Gun ×5 |
| 21:30 | Create | Organ Gun ×5 |
| 21:30 | Create | Organ Gun ×5 |
| 21:31 | Create | Organ Gun ×5 |
| 21:31 | Create | Organ Gun ×4 |
| 21:53 | Create | Organ Gun ×5 |
| 21:54 | Create | Organ Gun ×5 |
| 21:54 | Create | Organ Gun |
Build order — Di guo小师弟
First 150 of 223 actions detected
| 0:15 | Research | Inquisition |
| 0:16 | Create | Conquistador ×5 |
| 0:16 | Create | Conquistador ×5 |
| 0:17 | Create | Conquistador ×5 |
| 0:17 | Create | Conquistador ×5 |
| 0:17 | Create | Conquistador ×5 |
| 0:18 | Create | Conquistador ×5 |
| 0:18 | Create | Conquistador ×5 |
| 0:18 | Create | Conquistador ×5 |
| 0:19 | Create | Conquistador ×5 |
| 0:19 | Create | Conquistador ×5 |
| 0:20 | Create | Conquistador ×5 |
| 0:20 | Create | Conquistador ×5 |
| 0:20 | Create | Conquistador ×4 |
| 0:25 | Research | Iron Casting |
| 0:25 | Research | Chain Barding Armor |
| 0:26 | Research | Ballistics |
| 0:27 | Research | Leather Archer Armor |
| 0:27 | Research | Thumb Ring |
| 0:28 | Research | Bodkin Arrow |
| 0:28 | Research | Chain Mail Armor |
| 0:29 | Research | Chain Mail Armor |
| 2:58 | Create | Conquistador ×5 |
| 2:59 | Create | Conquistador ×5 |
| 2:59 | Create | Conquistador ×5 |
| 3:00 | Create | Conquistador ×5 |
| 3:00 | Create | Conquistador ×4 |
| 7:48 | Create | Conquistador ×5 |
| 7:48 | Create | Conquistador ×5 |
| 7:48 | Create | Conquistador ×5 |
| 7:49 | Create | Conquistador ×5 |
| 7:49 | Create | Conquistador ×5 |
| 7:50 | Create | Conquistador ×5 |
| 7:50 | Create | Conquistador ×5 |
| 7:50 | Create | Conquistador ×5 |
| 7:51 | Create | Conquistador ×5 |
| 7:51 | Create | Conquistador ×3 |
| 10:02 | Create | Conquistador ×5 |
| 10:02 | Create | Conquistador ×5 |
| 10:02 | Create | Conquistador ×5 |
| 10:03 | Create | Conquistador ×5 |
| 10:03 | Create | Conquistador ×5 |
| 10:42 | Create | Conquistador ×5 |
| 10:42 | Create | Conquistador ×3 |
| 10:42 | Create | Conquistador ×3 |
| 11:35 | Research | Ring Archer Armor |
| 11:38 | Research | Bracer |
| 11:39 | Research | Chemistry |
| 11:40 | Research | Ring Archer Armor |
| 11:41 | Research | Plate Barding Armor |
| 11:42 | Research | Blast Furnace |
| 11:42 | Research | Plate Mail Armor |
| 11:43 | Research | Plate Mail Armor |
| 11:53 | Research | Tech 60 |
| 11:54 | Research | Conscription |
| 11:54 | Research | Supremacy |
| 12:18 | Create | Conquistador ×5 |
| 12:19 | Create | Conquistador ×5 |
| 12:19 | Create | Conquistador ×5 |
| 14:08 | Create | Conquistador ×5 |
| 14:09 | Create | Conquistador ×5 |
| 14:09 | Create | Conquistador ×5 |
| 14:10 | Create | Conquistador ×5 |
| 14:10 | Create | Conquistador ×5 |
| 17:01 | Create | Conquistador ×5 |
| 17:01 | Create | Conquistador ×5 |
| 17:01 | Create | Conquistador ×5 |
| 17:02 | Create | Conquistador ×5 |
| 17:02 | Create | Conquistador ×5 |
| 17:02 | Create | Conquistador ×3 |
| 19:51 | Create | Conquistador ×5 |
| 19:52 | Create | Conquistador ×5 |
| 19:52 | Create | Conquistador ×5 |
| 19:52 | Create | Conquistador |
| 19:53 | Create | Conquistador |
| 19:54 | Create | Conquistador |
| 20:24 | Create | Conquistador ×5 |
| 20:25 | Create | Conquistador ×5 |
| 20:25 | Create | Conquistador ×2 |
| 21:03 | Build | Castle |
| 21:07 | Build | Castle |
| 21:20 | Build | Castle |
| 21:29 | Build | Castle |
| 21:32 | Build | Castle |
| 21:36 | Build | Castle |
| 21:41 | Create | Villager (Male) |
| 21:41 | Create | Villager (Male) |
| 21:41 | Create | Villager (Male) |
| 21:42 | Create | Villager (Male) |
| 21:42 | Create | Villager (Male) |
| 22:39 | Build | Castle |
| 23:00 | Build | Castle |
| 23:06 | Create | Conquistador ×5 |
| 23:06 | Create | Conquistador ×5 |
| 23:07 | Create | Conquistador ×5 |
| 23:07 | Create | Conquistador ×5 |
| 23:08 | Create | Conquistador ×5 |
| 23:08 | Create | Conquistador ×5 |
| 23:08 | Create | Conquistador ×5 |
| 23:09 | Create | Conquistador ×5 |
| 24:09 | Create | Conquistador ×5 |
| 24:09 | Create | Conquistador ×5 |
| 24:10 | Create | Conquistador ×5 |
| 24:10 | Create | Conquistador ×5 |
| 24:10 | Create | Conquistador ×5 |
| 24:11 | Create | Conquistador ×5 |
| 24:11 | Create | Conquistador ×5 |
| 24:11 | Create | Conquistador ×5 |
| 24:12 | Create | Conquistador ×5 |
| 24:12 | Create | Conquistador ×5 |
| 24:18 | Build | Castle |
| 24:53 | Create | Conquistador ×5 |
| 24:53 | Create | Conquistador ×5 |
| 24:54 | Create | Conquistador ×5 |
| 24:54 | Create | Conquistador ×5 |
| 24:54 | Create | Conquistador ×5 |
| 24:55 | Create | Conquistador ×5 |
| 25:08 | Create | Villager (Male) |
| 25:08 | Create | Villager (Male) |
| 25:09 | Create | Villager (Male) |
| 25:09 | Create | Villager (Male) |
| 25:09 | Create | Villager (Male) |
| 25:19 | Build | Siege Workshop |
| 25:21 | Build | Siege Workshop |
| 25:22 | Build | Siege Workshop |
| 25:23 | Build | Siege Workshop |
| 25:58 | Create | Conquistador ×5 |
| 25:58 | Create | Conquistador ×5 |
| 25:59 | Create | Conquistador ×5 |
| 25:59 | Create | Conquistador ×5 |
| 25:59 | Create | Conquistador ×5 |
| 26:00 | Create | Conquistador ×5 |
| 26:00 | Create | Conquistador ×5 |
| 26:00 | Create | Conquistador ×5 |
| 26:01 | Create | Conquistador ×5 |
| 26:01 | Create | Conquistador ×5 |
| 26:02 | Create | Conquistador ×5 |
| 26:02 | Create | Conquistador ×5 |
| 26:16 | Create | Conquistador ×5 |
| 26:17 | Create | Conquistador ×5 |
| 26:17 | Create | Conquistador ×5 |
| 26:17 | Create | Conquistador ×5 |
| 26:18 | Create | Conquistador ×5 |
| 26:18 | Create | Conquistador ×5 |
| 26:18 | Create | Conquistador ×5 |
| 26:19 | Create | Conquistador ×5 |
| 26:19 | Create | Conquistador ×5 |
| 26:19 | Create | Conquistador ×5 |
| 26:20 | Create | Conquistador ×4 |
| 27:13 | Create | Conquistador ×5 |
Build order — Trip
128 actions detected in the replay
| 0:16 | Create | Ballista Elephant ×5 |
| 0:16 | Create | Ballista Elephant ×5 |
| 0:17 | Create | Ballista Elephant ×5 |
| 0:17 | Create | Ballista Elephant ×5 |
| 0:17 | Create | Ballista Elephant ×5 |
| 0:18 | Create | Ballista Elephant ×5 |
| 0:18 | Create | Ballista Elephant ×5 |
| 0:18 | Create | Ballista Elephant ×5 |
| 0:19 | Create | Ballista Elephant ×5 |
| 0:19 | Create | Ballista Elephant ×5 |
| 0:20 | Create | Ballista Elephant ×5 |
| 0:20 | Create | Ballista Elephant ×5 |
| 0:20 | Create | Ballista Elephant ×5 |
| 0:28 | Research | Iron Casting |
| 0:28 | Research | Chain Barding Armor |
| 0:33 | Research | Ballistics |
| 0:39 | Research | Chain Barding Armor |
| 0:41 | Research | Bodkin Arrow |
| 0:41 | Research | Leather Archer Armor |
| 0:43 | Research | Chain Mail Armor |
| 1:07 | Create | Ballista Elephant ×5 |
| 1:07 | Create | Ballista Elephant ×3 |
| 1:07 | Create | Ballista Elephant ×3 |
| 4:19 | Research | Elite Ballista Elephant (upgrade) |
| 4:20 | Create | Ballista Elephant ×5 |
| 4:20 | Create | Ballista Elephant ×5 |
| 4:20 | Create | Ballista Elephant ×5 |
| 4:27 | Research | Conscription |
| 4:27 | Create | Ballista Elephant ×5 |
| 4:28 | Create | Ballista Elephant ×5 |
| 4:28 | Create | Ballista Elephant ×5 |
| 4:28 | Create | Ballista Elephant ×4 |
| 4:34 | Research | Bracer |
| 4:35 | Research | Blast Furnace |
| 4:35 | Research | Plate Barding Armor |
| 4:36 | Research | Chemistry |
| 4:37 | Research | Parthian Tactics |
| 6:44 | Create | Ballista Elephant ×5 |
| 6:44 | Create | Ballista Elephant ×5 |
| 6:45 | Create | Ballista Elephant ×5 |
| 6:45 | Create | Ballista Elephant ×5 |
| 6:45 | Create | Ballista Elephant ×5 |
| 6:46 | Create | Ballista Elephant ×5 |
| 6:46 | Create | Ballista Elephant ×5 |
| 6:46 | Create | Ballista Elephant ×5 |
| 6:47 | Create | Ballista Elephant ×3 |
| 8:25 | Create | Ballista Elephant ×5 |
| 8:25 | Create | Ballista Elephant ×5 |
| 8:25 | Create | Ballista Elephant ×2 |
| 8:26 | Create | Ballista Elephant ×2 |
| 8:26 | Create | Ballista Elephant |
| 9:52 | Create | Ballista Elephant ×5 |
| 9:52 | Create | Ballista Elephant ×5 |
| 9:53 | Create | Ballista Elephant ×4 |
| 11:32 | Create | Ballista Elephant ×5 |
| 11:32 | Create | Ballista Elephant ×5 |
| 11:32 | Create | Ballista Elephant ×5 |
| 11:33 | Create | Ballista Elephant ×5 |
| 11:33 | Create | Ballista Elephant ×3 |
| 11:33 | Create | Ballista Elephant ×3 |
| 11:45 | Create | Ballista Elephant ×5 |
| 11:45 | Create | Ballista Elephant ×5 |
| 11:45 | Create | Ballista Elephant ×5 |
| 11:46 | Create | Ballista Elephant ×5 |
| 15:27 | Create | Ballista Elephant ×5 |
| 15:28 | Create | Ballista Elephant ×5 |
| 15:28 | Create | Ballista Elephant ×5 |
| 15:28 | Create | Ballista Elephant ×3 |
| 16:50 | Create | Ballista Elephant ×5 |
| 16:51 | Create | Ballista Elephant ×5 |
| 16:51 | Create | Ballista Elephant ×5 |
| 16:51 | Create | Ballista Elephant ×5 |
| 20:14 | Research | Ring Archer Armor |
| 20:18 | Create | Ballista Elephant ×5 |
| 20:18 | Create | Ballista Elephant ×5 |
| 20:18 | Create | Ballista Elephant ×5 |
| 20:19 | Create | Ballista Elephant ×5 |
| 20:19 | Create | Ballista Elephant ×4 |
| 20:19 | Create | Ballista Elephant ×4 |
| 23:24 | Create | Ballista Elephant ×5 |
| 23:24 | Create | Ballista Elephant ×5 |
| 23:25 | Create | Ballista Elephant ×5 |
| 23:25 | Create | Ballista Elephant ×5 |
| 23:25 | Create | Ballista Elephant ×5 |
| 23:26 | Create | Ballista Elephant ×5 |
| 23:26 | Create | Ballista Elephant ×5 |
| 23:26 | Create | Ballista Elephant ×5 |
| 23:26 | Create | Ballista Elephant ×5 |
| 24:23 | Create | Ballista Elephant ×5 |
| 24:23 | Create | Ballista Elephant ×5 |
| 24:23 | Create | Ballista Elephant ×5 |
| 24:24 | Create | Ballista Elephant ×3 |
| 24:24 | Create | Ballista Elephant ×3 |
| 25:58 | Create | Ballista Elephant ×5 |
| 25:58 | Create | Ballista Elephant ×5 |
| 25:58 | Create | Ballista Elephant ×5 |
| 25:59 | Create | Ballista Elephant ×5 |
| 25:59 | Create | Ballista Elephant ×5 |
| 26:08 | Create | Ballista Elephant ×5 |
| 26:09 | Create | Ballista Elephant ×5 |
| 26:09 | Create | Ballista Elephant |
| 27:31 | Create | Ballista Elephant ×5 |
| 27:31 | Create | Ballista Elephant ×5 |
| 27:32 | Create | Ballista Elephant ×5 |
| 27:32 | Create | Ballista Elephant ×3 |
| 28:59 | Create | Ballista Elephant ×5 |
| 28:59 | Create | Ballista Elephant ×5 |
| 28:59 | Create | Ballista Elephant ×5 |
| 29:00 | Create | Ballista Elephant ×5 |
| 29:00 | Create | Ballista Elephant ×5 |
| 29:00 | Create | Ballista Elephant ×2 |
| 29:01 | Create | Ballista Elephant ×2 |
| 30:40 | Create | Ballista Elephant ×5 |
| 30:40 | Create | Ballista Elephant ×5 |
| 30:40 | Create | Ballista Elephant ×5 |
| 30:41 | Create | Ballista Elephant ×5 |
| 30:41 | Create | Ballista Elephant ×5 |
| 30:41 | Create | Ballista Elephant ×5 |
| 30:42 | Create | Ballista Elephant |
| 30:42 | Create | Ballista Elephant |
| 36:28 | Create | Ballista Elephant ×5 |
| 36:28 | Create | Ballista Elephant ×5 |
| 36:28 | Create | Ballista Elephant ×5 |
| 36:28 | Create | Ballista Elephant ×5 |
| 36:29 | Create | Ballista Elephant ×5 |
| 36:29 | Create | Ballista Elephant ×5 |
| 36:30 | Create | Ballista Elephant ×5 |
| 36:30 | Create | Ballista Elephant ×5 |
Build order — Archers420
First 150 of 189 actions detected
| 0:08 | Research | Manipur Cavalry |
| 0:09 | Create | Arambai ×5 |
| 0:09 | Create | Arambai ×5 |
| 0:09 | Create | Arambai ×5 |
| 0:09 | Create | Arambai ×5 |
| 0:09 | Create | Arambai ×5 |
| 0:10 | Create | Arambai ×5 |
| 0:10 | Create | Arambai ×5 |
| 0:10 | Create | Arambai ×5 |
| 0:10 | Create | Arambai ×5 |
| 0:10 | Create | Arambai ×5 |
| 0:10 | Create | Arambai |
| 0:10 | Create | Arambai |
| 0:12 | Research | Chain Barding Armor |
| 0:13 | Research | Iron Casting |
| 0:14 | Research | Bodkin Arrow |
| 0:14 | Research | Chain Mail Armor |
| 0:16 | Research | Ballistics |
| 0:30 | Create | Arambai |
| 0:30 | Create | Arambai ×5 |
| 0:30 | Create | Arambai ×5 |
| 0:30 | Create | Arambai ×5 |
| 0:42 | Create | Arambai |
| 0:42 | Create | Arambai |
| 0:42 | Create | Arambai |
| 0:49 | Create | Arambai ×3 |
| 1:04 | Create | Arambai ×4 |
| 1:28 | Create | Arambai ×4 |
| 2:13 | Create | Arambai ×5 |
| 2:13 | Create | Arambai |
| 2:13 | Create | Arambai |
| 2:14 | Create | Arambai |
| 2:14 | Create | Arambai |
| 2:28 | Create | Arambai ×3 |
| 2:28 | Create | Arambai ×3 |
| 2:28 | Create | Arambai ×3 |
| 2:31 | Create | Arambai |
| 2:31 | Create | Arambai |
| 2:37 | Create | Arambai ×3 |
| 2:37 | Create | Arambai |
| 3:26 | Create | Arambai ×5 |
| 3:26 | Create | Arambai |
| 4:16 | Create | Arambai ×5 |
| 4:16 | Create | Arambai |
| 4:16 | Create | Arambai |
| 4:17 | Create | Arambai ×5 |
| 4:17 | Create | Arambai ×5 |
| 5:57 | Create | Arambai ×5 |
| 5:57 | Create | Arambai ×5 |
| 6:06 | Create | Arambai ×5 |
| 6:06 | Create | Arambai |
| 6:06 | Create | Arambai |
| 6:06 | Create | Arambai ×5 |
| 6:06 | Create | Arambai ×5 |
| 8:56 | Create | Arambai |
| 8:56 | Create | Arambai ×5 |
| 9:04 | Create | Arambai |
| 9:05 | Create | Arambai |
| 9:05 | Create | Arambai |
| 9:05 | Create | Arambai |
| 9:18 | Create | Arambai |
| 11:36 | Create | Arambai |
| 11:36 | Create | Arambai |
| 11:36 | Create | Arambai ×5 |
| 11:37 | Create | Arambai ×5 |
| 11:45 | Create | Arambai |
| 11:46 | Create | Arambai ×5 |
| 11:46 | Create | Arambai ×5 |
| 11:46 | Create | Arambai ×5 |
| 11:46 | Create | Arambai ×5 |
| 11:46 | Create | Arambai ×5 |
| 11:59 | Create | Arambai ×5 |
| 12:00 | Create | Arambai ×5 |
| 13:29 | Research | Plate Barding Armor |
| 13:30 | Research | Blast Furnace |
| 13:33 | Research | Chemistry |
| 13:33 | Research | Bracer |
| 13:34 | Research | Parthian Tactics |
| 13:35 | Research | Plate Mail Armor |
| 13:40 | Research | Howdah |
| 13:44 | Research | Elite Arambai (upgrade) |
| 13:47 | Research | Conscription |
| 13:48 | Create | Arambai |
| 13:48 | Create | Arambai |
| 13:48 | Create | Arambai |
| 13:48 | Create | Arambai ×5 |
| 13:48 | Create | Arambai ×5 |
| 13:52 | Create | Arambai |
| 13:52 | Create | Arambai |
| 14:25 | Create | Arambai |
| 14:25 | Create | Arambai |
| 14:25 | Create | Arambai |
| 14:25 | Create | Arambai ×5 |
| 14:25 | Create | Arambai ×5 |
| 14:25 | Create | Arambai ×5 |
| 14:25 | Create | Arambai ×5 |
| 14:26 | Create | Arambai ×5 |
| 14:31 | Create | Arambai |
| 14:31 | Create | Arambai ×5 |
| 14:31 | Create | Arambai ×5 |
| 16:03 | Create | Arambai ×5 |
| 17:14 | Create | Arambai ×5 |
| 17:14 | Create | Arambai ×5 |
| 17:14 | Create | Arambai ×5 |
| 17:14 | Create | Arambai ×5 |
| 17:14 | Create | Arambai ×5 |
| 17:50 | Create | Arambai |
| 17:50 | Create | Arambai ×5 |
| 17:50 | Create | Arambai ×5 |
| 18:02 | Create | Arambai |
| 18:02 | Create | Arambai |
| 18:02 | Create | Arambai |
| 18:02 | Create | Arambai ×5 |
| 18:02 | Create | Arambai ×5 |
| 18:02 | Create | Arambai ×5 |
| 18:03 | Create | Arambai ×5 |
| 19:04 | Create | Arambai |
| 19:09 | Create | Arambai |
| 19:25 | Create | Arambai ×5 |
| 19:30 | Create | Arambai ×5 |
| 19:33 | Create | Arambai |
| 19:33 | Create | Arambai |
| 19:33 | Create | Arambai |
| 19:39 | Create | Arambai |
| 19:42 | Create | Arambai ×5 |
| 20:03 | Create | Arambai ×5 |
| 20:03 | Create | Arambai |
| 20:03 | Create | Arambai |
| 20:06 | Create | Arambai |
| 20:12 | Create | Arambai ×4 |
| 20:12 | Create | Arambai |
| 20:18 | Create | Arambai ×2 |
| 20:57 | Create | Arambai |
| 21:00 | Create | Arambai |
| 21:00 | Create | Arambai |
| 21:00 | Create | Arambai |
| 21:21 | Create | Arambai |
| 22:07 | Create | Arambai |
| 22:08 | Create | Arambai ×5 |
| 22:08 | Create | Arambai ×5 |
| 22:08 | Create | Arambai ×5 |
| 22:35 | Create | Arambai ×5 |
| 22:35 | Create | Arambai ×5 |
| 22:42 | Create | Arambai ×5 |
| 22:42 | Create | Arambai |
| 22:44 | Create | Arambai ×4 |
| 22:44 | Create | Arambai ×4 |
| 22:44 | Create | Arambai |
| 23:04 | Create | Arambai ×4 |
| 23:26 | Create | Arambai |
Match timeline
| 21:03 | Di guo小师弟 · first_building Castle |
| 25:04 | 在看把你腿打斷 · first_building Castle |
| 25:19 | Di guo小师弟 · first_building Siege Workshop |
| 29:50 | Greñicov · first_building Castle |
| 30:52 | Ghost · first_building Siege Workshop |
| 31:54 | Archers420 · resign |
[ AI ANALYSIS · 1 CREDIT ]
What really happened in this match?
Wolo.gg analyzes every decision: build order, eco, micro, common mistakes by bracket. Personalized analysis on WhatsApp or Discord in 30 seconds.
Civ guide
Italians
Perfil
Jugador #5128921